 Dungeon Crawl Stone Soup version 0.17-a0-1311-gbcbd859 (webtiles) character file.

13748 onwiheg the Destroyer (level 11, -37/74 HPs)
             Began as a Demigod Ice Elementalist on June 8, 2015.
             Annihilated by Maud
             ... wielding a +5 long sword
              (41 damage)
             ... on level 12 of the Dungeon.
             The game lasted 01:17:58 (15458 turns).

onwiheg the Destroyer (Demigod Ice Elementalist)   Turns: 15458, Time: 01:17:58

Health: -37/74     AC:  9    Str: 11    XL:     11   Next: 50%
Magic:  10/27      EV: 12    Int: 28    God:
Gold:   671        SH:  0    Dex: 16    Spells: 5 memorised, 12 levels left

rFire  . . .     SeeInvis .     e - staff of conjuration
rCold  + + .     Clarity  +     B - +1 robe {rC+ rF+}
rNeg   . . .     SustAt   +     (no shield)
rPois  .         Gourm    .     (no helmet)
rElec  .         Spirit   .     w - +2 cloak {+Inv}
rCorr  .         Warding  .     G - +2 pair of gloves {archery}
rMut   .         Stasis   .     (no boots)
MR     +....                    U - amulet of clarity
Stlth  ++........               q - +3 ring of intelligence
                                m - ring of ice

@: about to teleport, somewhat resistant to hostile enchantments, unstealthy
A: high mp 1, sustain attributes
a: Evoke Invisibility


You were on level 12 of the Dungeon.
You were not hungry.

You visited 1 branch of the dungeon, and saw 12 of its levels.
You also visited: Sewer and Ossuary.

You collected 683 gold pieces.
You spent 12 gold pieces at shops.

Inventory:

Hand weapons
 P - a +0 blowgun
 Q - a +0 dagger of distortion
 R - a +2 whip of electrocution
Missiles
 l - 9 curare-tipped needles
 t - 22 poisoned needles
Armour
 w - a +2 cloak of invisibility (worn)
 B - a +1 robe of resistance (worn)
 G - a +2 pair of gloves of archery (worn)
Magical staves
 e - an uncursed staff of conjuration (weapon)
Jewellery
 m - a ring of ice (left hand)
 q - a +3 ring of intelligence (right hand)
 y - an uncursed ring of wizardry
 E - an uncursed ring of see invisible
 I - an uncursed amulet of the gourmand
 U - an amulet of clarity (around neck)
 W - an uncursed ring of positive energy
 Z - an uncursed ring of wizardry
Magical devices
 a - a wand of digging (18)
 C - a wand of frost (8)
 K - a wand of confusion (10)
 L - a wand of digging (17)
 Y - a wand of enslavement (12)
Scrolls
 f - 3 scrolls of magic mapping
 i - 3 scrolls of amnesia
 j - a scroll of summoning {unknown}
 k - 5 scrolls of teleportation
 p - 12 scrolls of remove curse
 s - 2 scrolls of recharging
 D - 3 scrolls of immolation
 F - a scroll of fear
 H - a scroll of enchant armour {unknown}
 J - 2 scrolls of blinking
 M - 4 scrolls of fog
 S - a scroll of acquirement {unknown}
 X - 2 scrolls of enchant weapon {unknown}
Potions
 h - 7 potions of heal wounds
 n - 2 potions of brilliance {unknown}
 o - 2 potions of agility
 r - 3 potions of haste
 u - 8 potions of curing
 v - a potion of flight {unknown}
 x - a potion of magic {unknown}
 z - 4 potions of might {unknown}
 N - a potion of resistance {unknown}
 O - 4 potions of invisibility {unknown}
 T - a potion of berserk rage
 V - a potion of cancellation {unknown}
Books
 b - a book of Frost

   Spells                             Type                      Level
   a - Freeze                         Ice                          1
   b - Throw Frost                    Conjuration/Ice              2
   c - Ozocubu's Armour               Charms/Ice                   3
   d - Throw Icicle                   Conjuration/Ice              4
   e - Summon Ice Beast               Ice/Summoning                4
   f - Condensation Shield            Ice                          4
Comestibles
 c - 6 bread rations
 d - 18 royal jellies
 g - 3 fruits
 A - 5 meat rations


   Skills:
 - Level 1.7 Dodging
 - Level 1.7 Stealth
 - Level 8.0 Spellcasting
 + Level 11.2 Conjurations
 - Level 11.0 Ice Magic


You had 12 spell levels left.
You knew the following spells:

 Your Spells              Type           Power        Failure   Level  Hunger
a - Freeze                Ice            ####         1%          1    None
b - Throw Frost           Conj/Ice       ######       1%          2    None
c - Throw Icicle          Conj/Ice       ########     1%          4    ##.....
d - Ozocubu's Armour      Chrm/Ice       ######..     1%          3    None
e - Condensation Shield   Ice            #######...   1%          4    ##.....


Dungeon Overview and Level Annotations

Branches:
Dungeon (12/15)            Temple (0/1) D:6            Lair (0/8) D:9
    Orc (0/4) D:11

Shops:
D:10 !

Annotations:
D:12 Maud


Innate Abilities, Weirdness & Mutations

You have an increased reservoir of magic (+10% MP).
Your attributes are resistant to harm.


Message History

You see here a vampire mosquito corpse.
A necrophage comes into view.
Maud drinks a potion.
Maud goes berserk!
There is an open door here.
Read which item? (? for menu, Esc to quit)
Okay, then.
Press: ? - help, v - describe, . - travel
Here: Maud, wielding an enchanted long sword and wearing a glowing plate armour (berserk, fast, unusually strong)
An open door.
Unknown command.
Read which item? (? for menu, Esc to quit)
As you read the scroll of teleportation, it crumbles to dust.
You feel strangely unstable.
Maud hits you with an enchanted long sword!!!
Ouch! That really hurt!
* * * LOW HITPOINT WARNING * * *
You hear a shout!
Maud hits you with an enchanted long sword!!!
Ouch! That really hurt!
You die...

#### ..#
#.# #@#
#@#
##'###
#.n..#
#....#
#....#
#....#
#....#
#....###


You could see Maud (berserk) and a necrophage.

Vanquished Creatures
  Frances (D:12)
  A hydra (D:12)
  Sonja (D:12)
  An unseen horror (D:11)
  An ugly thing (D:11)
  A centaur zombie (D:12)
  Maurice (D:10)
  Joseph (D:7)
  Psyche (D:11)
  A kobold demonologist (D:12)
  A fire drake (D:9)
  A queen bee (D:11)
  A troll (D:10)
  A two-headed ogre (D:8)
  Prince Ribbit (D:5)
  2 wyverns
  A hog (shapeshifter) (D:11)
  3 yaks (D:10)
  2 vampire mosquitoes (D:12)
  3 sky beasts
  2 water moccasins
  A black bear (D:9)
  2 ice beasts
  An eye of draining (D:12)
  9 ogres
  An orc warrior (D:11)
  A necrophage (D:9)
  A wasp (D:12)
  A centaur (D:6)
  2 phantoms
  4 giant frogs
  3 big kobolds
  6 scorpions (D:7)
  34 killer bees
  9 wights
  3 jellies
  10 crimson imps
  A giant frog zombie (D:5)
  A centaur skeleton (D:9)
  2 orc priests (D:5)
  5 hounds
  A giant frog skeleton (D:12)
  6 orc wizards
  Terence (D:2)
  4 iguanas
  4 worker ants
  A hound skeleton (D:4)
  A hound zombie (D:5)
  A mummy (Ossuary)
  11 gnolls
  2 river rats (Sewer)
  22 adders
  A shadow imp (D:7)
  3 oozes
  2 adder zombies (D:7)
  2 worms
  9 giant geckos
  26 orcs
  A bat skeleton (D:4)
  8 giant cockroaches
  6 goblins
  11 hobgoblins
  11 jackals
  17 kobolds
  5 quokkas
  5 ball pythons
  25 bats
  A giant gecko zombie (D:9)
  7 giant newts
  2 gnoll skeletons (Ossuary)
  6 gnoll zombies (Ossuary)
  2 goblin skeletons (Ossuary)
  A goblin zombie (Ossuary)
  2 hobgoblin skeletons (Ossuary)
  2 hobgoblin zombies (Ossuary)
  A jackal skeleton (D:4)
  4 kobold skeletons (Ossuary)
  4 kobold zombies (Ossuary)
  An orc skeleton (Ossuary)
  2 orc zombies (Ossuary)
  2 quokka skeletons
  9 rats
  A rat skeleton (Ossuary)
  A spectral orc (D:9)
359 creatures vanquished.

Vanquished Creatures (others)
  A two-headed ogre (D:9)
  A troll (D:9)
  Menkaure (Ossuary)
  An ogre (D:9)
  A centaur (D:9)
  2 mummies (Ossuary)
  An adder (D:9)
  A bat (D:9)
  2 gnoll skeletons (Ossuary)
  A gnoll zombie (Ossuary)
  4 goblin skeletons (Ossuary)
  2 goblin zombies (Ossuary)
  A hobgoblin zombie (Ossuary)
  2 kobold skeletons (Ossuary)
  3 kobold zombies (Ossuary)
  2 orc skeletons (Ossuary)
  3 orc zombies (Ossuary)
  3 rat skeletons (Ossuary)
  3 fungi (D:7)
35 creatures vanquished.

Grand Total: 394 creatures vanquished

Notes
Turn   | Place    | Note
--------------------------------------------------------------
     0 | D:1      | onwiheg the Demigod Ice Elementalist began the quest for the Orb.
     0 | D:1      | Reached XP level 1. HP: 14/14 MP: 5/5
   199 | D:1      | Reached skill level 3 in Ice Magic
   363 | D:1      | Reached XP level 2. HP: 11/20 MP: 2/7
   906 | D:2      | Noticed Terence
   913 | D:2      | Killed Terence
   913 | D:2      | Reached skill level 4 in Ice Magic
   913 | D:2      | Reached XP level 3. HP: 22/26 MP: 0/8
  1054 | D:2      | Reached XP level 4. HP: 29/33 MP: 2/9
  1098 | D:2      | Found a white marble altar of Elyvilon.
  1432 | D:2      | Learned a level 2 spell: Throw Frost
  1452 | D:2      | Found a snail-covered altar of Cheibriados.
  1452 | D:2      | Found a deep blue altar of Sif Muna.
  1583 | D:3      | Reached skill level 5 in Ice Magic
  2375 | D:4      | Noticed an ogre
  2379 | D:4      | Killed an ogre
  2379 | D:4      | Reached skill level 6 in Ice Magic
  2379 | D:4      | Reached XP level 5. HP: 28/38 MP: 4/10
  2542 | D:4      | Found a glowing drain.
  2607 | Sewer    | Entered a sewer
  2852 | Sewer    | Reached XP level 6. HP: 40/45 MP: 7/11
  3432 | D:4      | Reached skill level 7 in Ice Magic
  3829 | D:4      | Noticed a phantom
  3890 | D:4      | Found a glowing silver altar of Zin.
  3916 | D:4      | Learned a level 4 spell: Throw Icicle
  3976 | D:4      | Found a shimmering altar of Xom.
  4039 | D:5      | Entered Level 5 of the Dungeon
  4422 | D:5      | Reached XP level 7. HP: 43/50 MP: 8/12
  4685 | D:5      | Reached skill level 8 in Ice Magic
  4751 | D:5      | Reached skill level 1 in Conjurations
  5485 | D:5      | Found an ancient bone altar of Kikubaaqudgha.
  5485 | D:5      | Found a radiant altar of Vehumet.
  5487 | D:5      | Found a sparkling altar of Nemelex Xobeh.
  5487 | D:5      | Found a glowing golden altar of the Shining One.
  5664 | D:4      | Killed a phantom
  5867 | D:5      | Reached XP level 8. HP: 57/57 MP: 2/13
  6047 | D:5      | Noticed Prince Ribbit
  6063 | D:5      | Killed Prince Ribbit
  6063 | D:5      | Reached skill level 5 in Conjurations
  6488 | D:6      | Found a stormy altar of Qazlal.
  6556 | D:6      | Found a staircase to the Ecumenical Temple.
  7150 | D:6      | Found a bloodstained altar of Trog.
  7510 | D:7      | Noticed an ogre
  7515 | D:7      | Killed an ogre
  7910 | D:7      | Reached skill level 5 in Spellcasting
  8102 | D:7      | Reached XP level 9. HP: 56/62 MP: 9/20
  8251 | D:7      | Learned a level 3 spell: Ozocubu's Armour
  8409 | D:7      | Noticed Joseph
  8421 | D:7      | Killed Joseph
  8616 | D:7      | Got a faintly humming leather armour
  8673 | D:7      | Identified the +1 leather armour "Litusut" {Str+4} (You found it on level 7 of the Dungeon)
  9011 | D:8      | Found a sand-covered staircase.
  9020 | Ossuary  | Entered an ossuary
  9323 | Ossuary  | Killed Menkaure
  9850 | D:8      | Found a shadowy altar of Dithmenos.
 10910 | D:9      | Found a staircase to the Lair.
 11315 | D:9      | Found a basalt altar of Yredelemnul.
 11506 | D:10     | Entered Level 10 of the Dungeon
 11535 | D:10     | Reached XP level 10. HP: 69/69 MP: 17/26
 11949 | D:10     | Noticed Maurice
 11959 | D:10     | Killed Maurice
 12299 | D:10     | Reached skill level 9 in Conjurations
 12431 | D:10     | Found Qyrecigilu's Distillery.
 12439 | D:10     | Bought a potion of poison for 12 gold pieces
 12525 | D:11     | Found a staircase to the Orcish Mines.
 12686 | D:11     | Noticed Psyche
 12694 | D:11     | Learned a level 4 spell: Condensation Shield
 12703 | D:11     | Killed Psyche
 12707 | D:11     | Noticed a brown ugly thing
 12712 | D:11     | Killed a brown ugly thing
 12898 | D:11     | Noticed an unseen horror
 12901 | D:11     | Killed an unseen horror
 13102 | D:11     | Reached skill level 10 in Ice Magic
 14265 | D:11     | Reached XP level 11. HP: 74/74 MP: 22/27
 14274 | D:11     | Reached skill level 10 in Conjurations
 14731 | D:12     | Noticed a six-headed hydra
 14734 | D:12     | Killed a six-headed hydra
 14739 | D:12     | Noticed a sun demon
 14868 | D:12     | Noticed Sonja
 14874 | D:12     | Killed Sonja
 15113 | D:12     | Reached skill level 11 in Ice Magic
 15420 | D:12     | Noticed Frances
 15425 | D:12     | Killed Frances
 15427 | D:12     | Noticed Maud
 15457 | D:12     | HP: 3/74 [Maud/enchanted long sword (53)]
 15458 | D:12     | Annihilated by Maud

Vault maps used:
D:1:      minmay_arrival_split_and_join
D:2:      elyvilon_altar_3, amethyst_overflow_temple_binary, uniq_terence
D:3:      kennysheep_generic_room_2
D:4:      lemuel_doored_altar, kennysheep_little_box, gup_sewer_entry_pipe
D:5:      grunt_temple_overflow_cloverleaf, first_bread, uniq_prince_ribbit1
D:6:      kennysheep_mini, minmay_temple_entry_fiery, grunt_qazlal_clouds
D:7:      old_forge, uniq_joseph
D:8:      kennysheep_mini_moat, nicolae_ossuary_entry_ruins
D:9:      yredelemnul_forgotten_temple_becter, minmay_lair_entry_lava,
          corexii_leaking_fountain, lemuel_flamethrower_hall
D:10:     serial_shops, shop, uniq_maurice
D:11:     orc_0_dummy, special_room, uniq_psyche
D:12:     uniq_sonja, uniq_frances, uniq_maud
Sewer:    sewer_co_15_rooms
Ossuary:  ossuary_due_pyramid

Action                   |  1- 3 |  4- 6 |  7- 9 | 10-12 || total
-------------------------+-------+-------+-------+-------++-------
Melee: Unarmed           |     1 |       |       |       ||     1
       Dagger            |       |    72 |   221 |       ||   293
       Staff             |       |       |       |     3 ||     3
       Whip              |       |       |       |    18 ||    18
 Cast: Freeze            |    42 |    98 |   133 |   140 ||   413
       Throw Frost       |       |    58 |   100 |    84 ||   242
       Throw Icicle      |       |     2 |    39 |    43 ||    84
       Ozocubu's Armour  |       |       |     3 |     5 ||     8
       Condensation Shie |       |       |       |     4 ||     4
Evoke: Wand              |       |       |     1 |     3 ||     4
  Use: Scroll            |       |       |    14 |     2 ||    16
 Stab: Sleeping          |       |       |     1 |       ||     1
  Eat: Chunk             |     1 |    15 |    38 |     7 ||    61
       Pizza             |       |       |       |     1 ||     1
       Beef jerky        |       |       |       |     1 ||     1
